 Dungeon Crawl Stone Soup version 0.23.2 (webtiles) character file.

Game seed: 9675948619765925060

16761 Fang the Fighter (level 12, -1/120 HPs)
             Began as a Gargoyle Berserker on Apr 2, 2019.
             Was a High Priest of Trog.
             Slain by a polar bear (5 damage)
             ... on level 1 of the Lair of Beasts on Apr 3, 2019.
             The game lasted 00:16:31 (10895 turns).

Fang the Fighter (Gargoyle Berserker)              Turns: 10895, Time: 00:16:32

Health: -1/120     AC: 26    Str: 35    XL:     12   Next: 40%
Magic:  12/12      EV: 12    Int:  9    God:    Trog [*****.]
Gold:   625        SH:  0    Dex:  9    Spells: 11/11 levels left

rFire    . . .     SeeInvis +   x - +3 executioner's axe (chop)
rCold    x . .     Gourm    .   (shield currently unavailable)
rNeg     + + +     Faith    .   k - +0 plate armour
rPois    ∞         Spirit   .   (no helmet)
rElec    +         Reflect  .   (no cloak)
rCorr    .         Harm     .   B - +1 pair of gloves "Reluppaul" {+Blink rC- rN+++}
MR       .....                  (no boots)
Stlth    ..........             o - amulet of the acrobat
HPRegen  0.30/turn              v - ring of see invisible
MPRegen  0.13/turn              r - +5 ring of strength

@: berserking, very quick
A: negative energy resistance 1, electricity resistance, unbreathing,
petrification resistance, rot immunity, AC +8
a: Berserk, Trog's Hand, Brothers in Arms, Renounce Religion, Evoke Blink


You were on level 1 of the Lair of Beasts.
You worshipped Trog.
Trog was extremely pleased with you.
You were not hungry.

You visited 3 branches of the dungeon, and saw 12 of its levels.
You visited the Abyss 1 time.

You collected 625 gold pieces.

Inventory:

Hand Weapons
 l - a +2 broad axe of holy wrath
 x - a +3 executioner's axe of chopping (weapon)
 J - a +6 battleaxe of chopping
Armour
 k - a +0 plate armour (worn)
 B - the +1 pair of gloves "Reluppaul" (worn) {+Blink rC- rN+++}
   (You found it on level 4 of the Dungeon)

   It makes you vulnerable to cold.
   It renders you almost immune to negative energy.
   It lets you blink.
Jewellery
 b - an uncursed ring of flight
 o - an amulet of the acrobat (around neck)
 r - a +5 ring of strength (right hand)
 v - a ring of see invisible (left hand)
 E - a +5 amulet of reflection
 G - an uncursed ring of protection from magic
Wands
 m - a wand of disintegration (11)
 n - a wand of iceblast (21)
 p - a wand of acid (12)
 s - a wand of digging (6)
 F - a wand of polymorph (3)
Scrolls
 f - 7 scrolls of teleportation
 h - 8 scrolls of remove curse
 H - a scroll of identify
 I - a scroll of magic mapping
Potions
 d - 4 potions of berserk rage
 e - 4 potions of heal wounds
 g - 4 potions of flight
 i - 2 potions of brilliance
 j - a potion of curing
 q - 4 potions of might
 t - a potion of haste
 u - 4 potions of ambrosia
 w - 2 potions of agility
 z - a potion of mutation
 A - a potion of resistance
Comestibles
 c - 18 rations


   Skills:
 + Level 11.3 Fighting
 + Level 9.7 Axes
 + Level 11.1 Armour
 + Level 8.7 Dodging


You had 11 spell levels left.
You didn't know any spells.
Your spell library was empty.

Dungeon Overview and Level Annotations

Branches:
Dungeon (10/15)            Temple (1/1) D:6            Lair (1/6) D:10
    Orc (0/2) D:10

Altars:
Ashenzari
Cheibriados
Gozag
Hepliaklqana
Kikubaaqudgha
Sif Muna
Uskayaw
Yredelemnul
The Shining One

Shops:
D:7 [   D:9 (


Innate Abilities, Weirdness & Mutations

You are resistant to torment.
Your stone body is resilient. (AC +8)
You are immune to poison.
You resist negative energy. (rN+)
You are resistant to electric shocks. (rElec)
You can survive without breathing.
You are immune to petrification.
You are immune to rotting.


Message History

The polar bear claws you but does no damage. x2
The polar bear bites you but does no damage.
The polar bear barely misses you.
The polar bear claws you but does no damage.
The polar bear bites you but does no damage.
The polar bear claws you but does no damage.
The polar bear closely misses you.
The black bear bites you but does no damage.
The black bear claws you but does no damage. x2
You completely miss the polar bear.
The polar bear is almost dead.
You barely miss the polar bear. You closely miss the polar bear.
You slash the black bear! The polar bear bites you!
* * * LOW HITPOINT WARNING * * *
The polar bear claws you.
* * * LOW HITPOINT WARNING * * *
The polar bear barely misses you. The polar bear bites you.
* * * LOW HITPOINT WARNING * * *
The polar bear claws you.
You die...

....#.##......#
....##.##....##
............##
P###.........#
#...?.....#
##........# .
#.......##
.PP.##hh.....P#
#....hh@.....##
.###..h#†.......
###..#.......
### .......
....... .....##
....## ....#


You could see 3 polar bears and 2 black bears.

Vanquished Creatures
  Erolcha (D:9)
  Harold (D:9)
  A two-headed ogre (D:8)
  3 death yaks (D:10)
  2 unseen horrors (D:10)
  A deep elf mage (D:7)
  A frost giant skeleton (Abyss:1)
  Psyche (D:10)
  A komodo dragon (D:10)
  A rime drake (shapeshifter) (D:7)
  A freezing wraith (Abyss:1)
  2 ancient zymes (Abyss:1)
  2 polar bears (Lair:1)
  3 hippogriffs
  Sigmund (D:6)
  2 wraiths (D:10)
  3 ynoxinuls (Abyss:1)
  6 yaks (D:7)
  A human (D:9)
  2 hungry ghosts
  A vampire mosquito (D:9)
  A neqoxec (Abyss:1)
  Menkaure (D:7)
  2 water moccasins
  2 porcupines
  2 sky beasts
  A large abomination (Abyss:1)
  3 black bears
  2 ice beasts
  5 ogres
  6 orc warriors
  2 necrophages
  2 small abominations (Abyss:1)
  2 phantoms
  6 centaurs
  3 big kobolds
  8 bullfrogs
  A wyvern skeleton (D:6)
  3 scorpions
  A howler monkey (D:4)
  2 crimson imps
  A jelly (D:7)
  3 orc priests
  2 centaur skeletons
  A hound (D:7)
  Crazy Yiuf (D:2)
  A bullfrog skeleton (D:5)
  8 orc wizards
  Jessica (D:2)
  A hell rat (D:10)
  An iguana (D:5)
  9 worker ants
  2 hound zombies
  A hound skeleton (D:8)
  2 howler monkey zombies
  A worker ant zombie (D:9)
  15 adders
  2 shadow imps
  4 oozes
  An adder zombie (D:5)
  3 adder skeletons
  4 worms
  4 dart slugs
  4 leopard geckos
  25 orcs
  4 bats
  2 giant cockroaches
  4 goblins
  4 hobgoblins
  9 jackals
  8 quokkas
  2 ball pythons
  4 frilled lizards
  15 kobolds
  A leopard gecko skeleton (D:5)
  5 rats
247 creatures vanquished.

Vanquished Creatures (collateral kills)
  A hydra (D:9)
  A large abomination (Abyss:1)
  A neqoxec (Abyss:1)
  An orc warrior (D:9)
  A bullfrog zombie (D:9)
  2 orcs (D:9)
7 creatures vanquished.

Vanquished Creatures (others)
  4 toadstools (D:1)
4 creatures vanquished.

Grand Total: 258 creatures vanquished

Notes
Turn   | Place    | Note
-------+----------+-------------------------------------------
     0 | D:1      | Fang the Gargoyle Berserker began the quest for the Orb.
     0 | D:1      | Reached XP level 1. HP: 14/14 MP: 1/1
   389 | D:1      | Reached XP level 2. HP: 16/19 MP: 2/2
   687 | D:1      | Reached XP level 3. HP: 20/23 MP: 3/3
  1195 | D:2      | Reached XP level 4. HP: 27/29 MP: 4/4
  1369 | D:2      | Found a runed translucent door.
  1370 | D:2      | Noticed Crazy Yiuf
  1530 | D:2      | Noticed Jessica
  1543 | D:2      | Killed Jessica
  1543 | D:2      | Reached ** piety under Trog
  1761 | D:2      | Killed Crazy Yiuf
  1761 | D:2      | Reached XP level 5. HP: 33/33 MP: 5/5
  2186 | D:3      | Found a snail-covered altar of Cheibriados.
  2576 | D:3      | You fall through a shaft for 3 floors!
  2576 | D:6      | Noticed Sigmund
  2609 | D:5      | Entered Level 5 of the Dungeon
  2651 | D:6      | Killed Sigmund
  2651 | D:6      | Reached XP level 6. HP: 33/40 MP: 6/6
  2722 | D:6      | Reached skill level 5 in Fighting
  2732 | D:6      | Noticed an orc warrior
  2741 | D:6      | Reached XP level 7. HP: 27/44 MP: 7/7
  2743 | D:6      | Reached *** piety under Trog
  3021 | D:6      | Reached skill level 5 in Armour
  3141 | D:6      | Reached XP level 8. HP: 39/51 MP: 8/8
  3184 | D:6      | Reached skill level 5 in Axes
  3204 | D:6      | Found a staircase to the Ecumenical Temple.
  3299 | Temple   | Entered the Ecumenical Temple
  4084 | D:4      | Found a shattered altar of Ashenzari.
  4194 | D:4      | Reached **** piety under Trog
  4310 | D:4      | Got a pair of slimy gloves
  4316 | D:4      | Identified the +1 pair of gloves "Reluppaul" {+Blink rC-
                  | rN+++} (You found it on level 4 of the Dungeon)
  4510 | D:4      | Reached XP level 9. HP: 57/57 MP: 9/9
  4821 | D:4      | Found a deep blue altar of Sif Muna.
  5095 | D:4      | Found a hazy altar of Hepliaklqana.
  5464 | D:7      | Reached skill level 5 in Dodging
  5491 | D:7      | Found Zinah's Antique Armour Shop.
  5850 | D:7      | Reached ***** piety under Trog
  6114 | D:7      | Found a transporter.
  6116 | D:7      | Found a transporter.
  6149 | D:7      | Found a snail-covered altar of Cheibriados.
  6195 | D:7      | Reached XP level 10. HP: 60/64 MP: 10/10
  6267 | D:7      | Noticed a deep elf mage
  6284 | D:7      | Killed a deep elf mage
  6319 | D:7      | Noticed Menkaure
  6322 | D:7      | Killed Menkaure
  6323 | D:7      | Identified a scroll of acquirement
  6962 | D:8      | Noticed a two-headed ogre
  6968 | D:8      | Killed a two-headed ogre
  7143 | D:8      | Found a basalt altar of Yredelemnul.
  7147 | D:8      | Found a hide-covered altar of Uskayaw.
  7786 | D:9      | Noticed a seven-headed hydra
  7797 | D:9      | Killed a ten-headed hydra
  7797 | D:9      | Reached XP level 11. HP: 24/71 MP: 11/11
  8354 | D:9      | Noticed Harold
  8362 | D:9      | Killed Harold
  8423 | D:9      | Reached skill level 10 in Fighting
  8587 | D:9      | Found Topla's Weapon Boutique.
  8683 | D:9      | Noticed Erolcha
  8687 | D:9      | Cast into level 1 of the Abyss (Erolcha)
  8816 | Abyss:1  | Noticed a large abomination
  8817 | Abyss:1  | Reached skill level 10 in Armour
  8822 | Abyss:1  | Killed a large abomination
  8946 | Abyss:1  | Noticed a tentacled starspawn
  8948 | D:9      | Escaped the Abyss
  8953 | D:9      | Killed Erolcha
  9241 | D:10     | Entered Level 10 of the Dungeon
  9254 | D:10     | Noticed a death yak
  9254 | D:10     | Noticed an unseen horror
  9256 | D:10     | Noticed a death yak
  9256 | D:10     | Noticed a death yak
  9259 | D:10     | Killed an unseen horror
  9265 | D:10     | Killed a death yak
  9266 | D:10     | Killed a death yak
  9266 | D:10     | Reached XP level 12. HP: 63/79 MP: 12/12
  9269 | D:10     | Killed a death yak
  9270 | D:10     | Found a staircase to the Lair.
  9278 | D:10     | HP: 1/80 [ice beast (19)]
  9810 | D:10     | Found a staircase to the Orcish Mines.
  9846 | D:10     | Noticed Psyche
  9980 | D:10     | Received a gift from Trog
 10222 | D:10     | Killed Psyche
 10857 | Lair:1   | Entered Level 1 of the Lair of Beasts
 10895 | Lair:1   | HP: 4/120 [polar bear (6)]
 10895 | Lair:1   | Slain by a polar bear

Skill      XL: |  1  2  3  4  5  6  7  8  9 10 11 12 |
---------------+-------------------------------------+-----
Dodging        | 2 3 4 5 7 8 |  8.7
Axes           | 3 4 5 6 8 9 |  9.7
Armour         | 3 4 5 6 7 9 10 11 | 11.1
Fighting       | 4 5 7 8 9 10 11 | 11.3

Action                   |  1- 3 |  4- 6 |  7- 9 | 10-12 || total
-------------------------+-------+-------+-------+-------++-------
Melee: Hand axe          |    78 |    96 |       |       ||   174
       War axe           |       |    59 |   398 |    23 ||   480
       Executioner's axe |       |       |       |   336 ||   336
       Broad axe         |       |       |       |    10 ||    10
Invok: Berserk           |     1 |     4 |     3 |     3 ||    11
       Trog's Hand       |       |     1 |       |       ||     1
       Brothers in Arms  |       |       |       |     2 ||     2
  Use: Scroll            |       |       |    16 |    11 ||    27
       Potion            |       |       |       |     2 ||     2
  Eat: Chunk             |     2 |     8 |    17 |    12 ||    39
       Ration            |       |       |       |     4 ||     4
Armor: Animal skin       |    29 |     2 |       |       ||    31
       Plate armour      |       |   127 |   342 |   414 ||   883
Dodge: Dodged            |    39 |   116 |   221 |   366 ||   742
